 Dungeon Crawl Stone Soup version 0.30-a0-853-g561648f (webtiles) character file.

Game seed: 17019221400498669238

21 Dorkslayer the Trooper (level 2, -2/24 HPs)
             Began as a Merfolk Fighter on Mar 4, 2023.
             Slain by an endoplasm (3 damage)
             ... on level 1 of the Dungeon.
             The game lasted 00:01:52 (729 turns).

Dorkslayer the Trooper (Merfolk Fighter)             Turns: 729, Time: 00:01:52

Health: -2/24      AC:  8    Str: 16    XL:     2   Next: 87%
Magic:  2/2        EV:  6    Int:  7    God:
Gold:   18         SH:  0    Dex: 13    Spells: 1/1 levels left

rFire   . . .      SeeInvis .    a - +0 trident
rCold   . . .      Faith    .    c - +0 buckler
rNeg    . . .      Spirit   .    j - +0 chain mail
rPois   .          Reflect  .    (no helmet)
rElec   .          Rampage  .    (no cloak)
rCorr   .                        (no gloves)
Will    .....                    (no boots) Stlth
                                 (no amulet)
HPRegen 0.24/turn                (no ring)
MPRegen 0.08/turn                (no ring)

@: confused, lethally poisoned (-2 -> -6), ambrosia-drunk, attractive
A: (nimble swimmer 2), mertail, claws 1, wild magic 1, no potion heal 1
a: no special abilities


You were on level 1 of the Dungeon.
You visited 1 branch of the dungeon, and saw 2 of its levels.

You collected 18 gold pieces.

Inventory:

Hand Weapons
 a - a +0 trident (weapon)
Armour
 c - a +0 buckler (worn)
 j - a +0 chain mail (worn)
Jewellery
 b - a ring of flight
Scrolls
 g - 2 scrolls of identify {unknown}
 h - a scroll of vulnerability {unknown}
Potions
 d - a potion of might
 e - a potion of attraction


   Skills:
 + Level 3.4 Fighting
 + Level 3.0 Polearms
 + Level 2.3 Armour
 * Level 1.6 Dodging
 + Level 3.1 Shields


You had one spell level left.
You didn't know any spells.
Your spell library contained the following spells:

 Spells                   Type           Power      Damage    Failure   Level
 Ignite Poison            Fire/Tmut/Pois 0%         N/A       100%        3
 Kindle Blastsparks       Fire/Tloc/Air  0%         2d10      100%        3
 Freezing Cloud           Conj/Ice/Air   0%         6-21      100%        5


Dungeon Overview and Level Annotations

Branches:
Dungeon (2/15)

Altars:


Innate Abilities, Weirdness & Mutations

((You are very nimble when in or above water. (Stealth+, EV+, Speed+++)))
Your lower body shifts to a powerful aquatic tail in water.
You have sharp fingernails.
Your spells are a little harder to cast, but a little more powerful.
Potions are less effective at restoring your health.


Message History

You are frozen.
You hit the adder but do no damage.
You feel sick. The adder bites you but does no damage.
The endoplasm barely misses you.
You feel sick. The adder bites you. The endoplasm barely misses you.
The adder bites you but does no damage.
You climb upwards.
You feel sick.
There is a stone staircase leading down here.
You puncture the adder!
The adder is heavily wounded.
You feel sick.
You are no longer poisoned.
The adder bites you.
* * * LOW HITPOINT WARNING * * *
You are poisoned.
The adder poisons you!
The endoplasm hits you but does no damage.
You closely miss the adder.
The adder is heavily wounded.
* * * LOW HITPOINT WARNING * * *
You feel sick. The adder bites you but does no damage.
The endoplasm hits you but does no damage.
The adder bites you but does no damage.
It was a potion of attraction.
You feel attractive to monsters.
You feel sick. The endoplasm barely misses you. You block the adder's attack.
It was a potion of mutation.
You feel extremely strange.
Your system partially rejects the healing effects of potions.
You feel less in control of your magic.
Your fingernails lengthen.
You feel sick. The adder bites you but does no damage.
The endoplasm freezes you.
You are frozen.
* * * LOW HITPOINT WARNING * * *
It was a potion of ambrosia.
You are confused.
Your system partially rejects the healing.
You feel invigorated.
You feel sick. The adder bites you.
* * * LOW HITPOINT WARNING * * *
You are more poisoned.
The adder poisons you! The endoplasm hits you.
You die...

...........#
##.#######.# #.# #.#
#.# #.# #.# #.# #.#
#.# #.# #.#
#.#######.#######
#.#...........J@#
#.....#####.###S#
###.#.#
#.###.######## #.#.#
#....#.......#######
#(#.#
#####.####.........#
#[#.#
#.####.#.#####.#
#.#.#
#......).....#.#
#.#.#
#####..#.###.#.#
#.#.# #..#>###.#.#


You could see an adder and an endoplasm.

Vanquished Creatures
  2 dart slugs (D:1)
  A ball python (D:1)
  4 endoplasms (D:1)
  2 hobgoblins (D:1)
  A kobold (D:1)
  3 bats
  2 goblins (D:1)
15 creatures vanquished.

Notes
Turn   | Place    | Note
-------+----------+-------------------------------------------
     0 | D:1      | Dorkslayer the Merfolk Fighter began the quest for the Orb.
     0 | D:1      | Reached XP level 1. HP: 18/18 MP: 1/1
   157 | D:1      | Reached skill level 1 in Dodging
   169 | D:1      | Reached XP level 2. HP: 21/24 MP: 2/2
   728 | D:1      | Gained mutation: Potions are less effective at restoring
                  | your health. [potion of mutation]
   728 | D:1      | Gained mutation: Your spells are a little harder to cast,
                  | but a little more powerful. [potion of mutation]
   728 | D:1      | Gained mutation: You have sharp fingernails. [potion of
                  | mutation]
   729 | D:1      | HP: 1/24 [adder (2)]
   729 | D:1      | Slain by an endoplasm

Illustrated notes

Levels and vault maps discovered:
D:1:      denvon_arrival_waterhouse, layout_loops_ring
D:2:      layout_basic, minmay_quadrilaterals

Skill      XL: |  1  2 |
---------------+-------+-----
Dodging        | 1 |  1.6
Polearms       | 3 |  3.0
Fighting       | |  3.4
Armour         | |  2.3
Shields        | |  3.1

Action                     || total
---------------------------++-------
  Melee: Trident           ||    54
    Use: Potion            ||     3
 Armour: Scale mail        ||    16
         Chain mail        ||    13
  Dodge: Dodged            ||    20
  Block: Buckler           ||     6

Table legend: (Time is in decaauts)
 A = Elapsed time spent in this place.
 B = Non-inter-level travel time spent in this place.
 C = Inter-level travel time spent in this place.
 D = Time resting spent in this place.
 E = Time spent auto-exploring this place.
 F = Levels seen in this place.
 G = Mean time per level.
                   A        B        C        D        E       F      G
               +--------+--------+--------+--------+--------+-----+--------+
         Total |    737 |    737 |      0 |      0 |    297 |   2 |  368.5 |
       Dungeon |    737 |    737 |      0 |      0 |    297 |   2 |  368.5 |
               +--------+--------+--------+--------+--------+-----+--------+

Top non-repeatable levels by time:
     D:1: 723 daAuts
     D:2: 13 daAuts
